 Dungeon Crawl Stone Soup version 0.22.0-78-g6c94d2c (webtiles) character file.

4905 MalarOregon the Insei (level 10, -2/51 HPs)
             Began as a Vine Stalker Transmuter on Sept 16, 2018.
             Was a Priest of Makhleb.
             Splashed by a jelly's acid (7 damage)
             ... on level 9 of the Dungeon.
             The game lasted 00:28:21 (8956 turns).

MalarOregon the Insei (Vine Stalker Transmuter)     Turns: 8956, Time: 00:28:22

Health: -2/51      AC: -6    Str: 13    XL:     10   Next: 51%
Magic:  0/20       EV: 13    Int: 16    God:    Makhleb [***...]
Gold:   250        SH: 11    Dex: 19    Spells: 5/21 levels left

rFire    . . .     SeeInvis .     - Unarmed
rCold    . . .     Gourm    .   e - +1 shield
rNeg     . . .     Faith    .   b - +0 robe
rPois    .         Spirit   +   E - +0 helmet
rElec    .         Reflect  .   w - +0 cloak
rCorr    .         Harm     .   I - +0 pair of gloves of the Heron {*Drain MR+++ Dex+4 Stlth+} (curse)
MR       ++++.                  i - +0 pair of boots
Stlth    +++.......             t - amulet of regeneration
HPRegen  0.97/turn              j - +2 ring of slaying
MPRegen  0.17/turn              (no ring)

@: corroded, very slightly contaminated, invisible
A: fangs 3, regeneration 1, magic shield, antimagic bite, no potion heal 3, rot
immunity
a: Minor Destruction, Lesser Servant of Makhleb, Renounce Religion


You were on level 9 of the Dungeon.
You worshipped Makhleb.
Makhleb was most pleased with you.
You were not hungry.

You visited 2 branches of the dungeon, and saw 11 of its levels.

You collected 554 gold pieces.
You spent 304 gold pieces at shops.

Inventory:

Missiles
 a - 105 arrows
Armour
 b - a +0 robe (worn)
 e - a +1 shield (worn)
 i - a +0 pair of boots (worn)
 w - a +0 cloak (worn)
 E - a +0 helmet (worn)
 I - the cursed +0 pair of gloves of the Heron (worn) {*Drain MR+++ Dex+4 Stlth+}
   (You bought it in a shop on level 7 of the Dungeon)

   It affects your dexterity (+4).
   It affects your resistance to hostile enchantments.
   It causes draining when unequipped.
   It makes you more stealthy.
   It has a curse placed upon it.
Jewellery
 j - a +2 ring of slaying (left hand)
 t - an amulet of regeneration (around neck)
 y - the ring "Hulisice" {rC++ rN++ MR+ Str-2}
   (You took it off an orc on level 6 of the Dungeon)

   [ring of protection from magic]

   It affects your strength (-2).
   It greatly protects you from cold.
   It greatly protects you from negative energy.
   It affects your resistance to hostile enchantments.
 H - an uncursed ring of flight
Wands
 g - a wand of acid (15)
 C - a wand of scattershot (7)
Scrolls
 c - a scroll of fog
 l - a scroll of enchant weapon
 m - 5 scrolls of teleportation
 n - a scroll of remove curse
 r - 2 scrolls of enchant armour
 B - a scroll of identify
Potions
 f - 2 potions of curing {unknown}
 h - 3 potions of heal wounds {unknown}
 k - a potion of brilliance {unknown}
 o - a potion of ambrosia
 p - a potion of cancellation
 q - 2 potions of resistance
 s - 2 potions of flight {unknown}
 u - 2 potions of degeneration {unknown}
 v - a potion of invisibility
 x - a potion of magic {unknown}
 z - a potion of berserk rage
 A - a potion of agility
 F - a potion of might
Miscellaneous
 G - a phantom mirror
Comestibles
 d - 18 rations
 D - 5 chunks of flesh


   Skills:
 + Level 5.1 Fighting
 + Level 4.8 Dodging
 * Level 4.8 Shields
 * Level 6.3 Unarmed Combat
 * Level 6.1 Spellcasting
 - Level 1.0 Hexes
 * Level 5.9 Transmutations
 + Level 2.3 Ice Magic
 + Level 2.4 Poison Magic
 + Level 4.6 Invocations


You had 5 spell levels left.
You knew the following spells:

 Your Spells              Type           Power        Failure   Level  Hunger
a - Blade Hands           Tmut           ###.......   77%         5    ######.
b - Sticks to Snakes      Tmut           ###.....     7%          2    #......
c - Spider Form           Tmut/Pois      ###.......   26%         3    ##.....
d - Ice Form              Ice/Tmut       ###.....     65%         4    ####...
e - Beastly Appendage     Tmut           ###...       4%          1    None
q - Confusing Touch       Hex            #.....       32%         1    None

Your spell library contained the following spells:

 Spells                   Type           Power        Failure   Level  Hunger
 Animate Skeleton         Necr           N/A          45%         1    None
 Pain                     Necr           #...         45%         1    None
 Confuse                  Hex            #.......     69%         3    ##.....
 Petrify                  Tmut/Erth      ##......     82%         4    ####...
 Gell's Gravitas          Tloc           #.........   83%         3    ##.....
 Regeneration             Chrm/Necr      #.........   83%         3    ##.....
 Vampiric Draining        Necr           #.........   83%         3    ##.....
 Yara's Violent Unravell  Hex/Tmut       ###.......   97%         5    ######.
 Animate Dead             Necr           N/A          99%         4    ####...
 Metabolic Englaciation   Hex/Ice        ##........   100%        5    ######.


Dungeon Overview and Level Annotations

Branches:
Dungeon (10/15)            Temple (1/1) D:5            Lair (0/6) D:8
    Orc: D:9-12

Altars:
Ashenzari
Cheibriados
Dithmenos
Elyvilon
Fedhas
Gozag
Hepliaklqana
Kikubaaqudgha
Makhleb
Nemelex Xobeh
Okawaru
Qazlal
Ru
Sif Muna
Trog
Uskayaw
Vehumet
Wu Jian
Xom
Yredelemnul
Zin
The Shining One

Shops:
D:7 [

Annotations:
D:8 3 runed doors, Heatsaber's ghost, novice MiFi


Innate Abilities, Weirdness & Mutations

You have razor-sharp teeth.
Your natural rate of healing is unusually fast.
When hurt, damage is shared between your health and your magic reserves.
Your bite disrupts and absorbs the magic of your enemies.
Potions cannot restore your health.
You are immune to rotting.


Message History

Confirm with . or Enter, or press ? or * to list all spells.
You have no appropriate body parts free.
You hit the jelly but do no damage.
Your hands burn!
* * * LOW HITPOINT WARNING * * *
You bite the jelly, but do no damage.
The jelly is severely wounded.
You block the vampire mosquito's attack.
The jelly hits you.
* * * LOW HITPOINT WARNING * * *
You are splashed with acid!
The acid burns!
* * * LOW HITPOINT WARNING * * *
The vampire mosquito bites you!
* * * LOW HITPOINT WARNING * * *
The vampire mosquito draws strength from your injuries!
You fade into invisibility!
The vampire mosquito completely misses you.
The jelly hits you.
* * * LOW HITPOINT WARNING * * *
You are splashed with acid!
The acid burns!
You die...

#.##......##.#........
#.###........'........
#.# #.....##.#........
#.###.#..###.##.......
#.......## #.###.....#
##.##.#.####.# ##...##
#.##........# ##'##
#.##y#.###### #.#
#.##@J....# #.#
#.####.##.# ##.##
#.####.##.# ##...##
#......##.#####.....#
########...>........#
##.#######..#. ###
#.### #..#. #)#.#


You could see a vampire mosquito and a jelly.

Vanquished Creatures
  Maurice (D:9)
  Joseph (D:7)
  Prince Ribbit (D:9)
  2 hippogriffs
  A hungry ghost (D:8)
  A water moccasin (D:5)
  2 ice beasts
  A sky beast (D:6)
  3 necrophages (D:9)
  A black bear (D:5)
  3 ogres
  3 centaurs
  4 bullfrogs
  A big kobold (D:8)
  A wyvern skeleton (D:9)
  5 scorpions
  5 wights
  9 howler monkeys
  A crimson imp (D:6)
  A centaur zombie (D:5)
  2 jellies
  A bullfrog zombie (D:9)
  A bullfrog skeleton (D:9)
  7 orc priests
  3 hounds
  13 orc wizards
  A centaur skeleton (D:4)
  4 worker ants
  2 hound skeletons
  2 howler monkey skeletons (D:6)
  9 adders
  4 shadow imps
  2 worms (D:3)
  3 dart slugs
  2 leopard geckos
  30 orcs
  5 giant cockroaches
  6 goblins
  10 hobgoblins
  17 jackals
  A ball python (D:5)
  13 bats
  13 kobolds
  A leopard gecko zombie (D:7)
  A quokka skeleton (D:5)
  6 rats
  2 fungi (D:7)
208 creatures vanquished.

Vanquished Creatures (collateral kills)
  Crazy Yiuf (D:4)
1 creature vanquished.

Vanquished Creatures (others)
  2 fungi (D:7)
2 creatures vanquished.

Grand Total: 211 creatures vanquished

Notes
Turn   | Place    | Note
-------+----------+-------------------------------------------
     0 | D:1      | MalarOregon the Vine Stalker Transmuter began the quest for
                  | the Orb.
     0 | D:1      | Reached XP level 1. HP: 9/9 MP: 4/4
   204 | D:1      | Reached skill level 1 in Fighting
   258 | D:1      | Reached XP level 2. HP: 10/14 MP: 4/6
   779 | D:1      | Learned a level 2 spell: Sticks to Snakes
  1241 | D:2      | Reached XP level 3. HP: 14/18 MP: 1/7
  1532 | D:2      | Learned a level 3 spell: Spider Form
  1774 | D:3      | Noticed a dagger
  1774 | D:3      | Noticed a dagger
  1786 | D:3      | Found a hide-covered altar of Uskayaw.
  1829 | D:3      | Gained mutation: Your natural rate of healing is unusually
                  | fast. [Vine Stalker growth]
  1829 | D:3      | Reached XP level 4. HP: 22/22 MP: 6/9
  1849 | D:3      | Reached skill level 1 in Shields
  2072 | D:3      | You fall through a shaft!
  2345 | D:3      | Reached XP level 5. HP: 26/26 MP: 10/10
  2483 | D:4      | Found a stormy altar of Qazlal.
  2533 | D:4      | Found a shattered altar of Ashenzari.
  2533 | D:4      | Found an iron altar of Okawaru.
  2534 | D:4      | Found a radiant altar of Vehumet.
  2534 | D:4      | Found a snail-covered altar of Cheibriados.
  2534 | D:4      | Found a shadowy altar of Dithmenos.
  2805 | D:4      | Reached XP level 6. HP: 22/30 MP: 9/11
  2940 | D:4      | Found a runed door.
  3233 | D:4      | Noticed Crazy Yiuf
  3340 | D:4      | Killed Crazy Yiuf
  3477 | D:5      | Entered Level 5 of the Dungeon
  3520 | D:5      | Found a staircase to the Ecumenical Temple.
  3539 | Temple   | Entered the Ecumenical Temple
  3598 | Temple   | Became a worshipper of Makhleb the Destroyer
  3616 | D:5      | Learned a level 4 spell: Ice Form
  3698 | D:5      | Noticed a water moccasin
  3808 | D:5      | Learned a level 1 spell: Confusing Touch
  3825 | D:5      | Reached XP level 7. HP: 29/35 MP: 11/13
  3867 | D:5      | Reached skill level 1 in Invocations
  4414 | D:6      | Found a white marble altar of Elyvilon.
  4704 | D:6      | Gained mutation: You have razor-sharp teeth. [Vine Stalker
                  | growth]
  4704 | D:6      | Reached XP level 8. HP: 26/40 MP: 11/15
  4809 | D:6      | Reached * piety under Makhleb
  4987 | D:6      | Reached skill level 5 in Unarmed Combat
  5217 | D:6      | Reached XP level 9. HP: 45/45 MP: 17/17
  5259 | D:6      | Got a flickering bone ring
  5710 | D:7      | Reached skill level 5 in Spellcasting
  5782 | D:7      | Found Ismoptor's Antique Armour Shoppe.
  5785 | D:7      | Bought a pair of fine gloves for 304 gold pieces
  5795 | D:7      | Identified the cursed +0 pair of gloves of the Heron
                  | {*Drain MR+++ Dex+4 Stlth+} (You bought it in a shop on
                  | level 7 of the Dungeon)
  5932 | D:7      | Found an ornate altar of the Wu Jian Council.
  5932 | D:7      | Noticed Joseph
  5966 | D:7      | Killed Joseph
  5966 | D:7      | Reached skill level 5 in Transmutations
  5972 | D:7      | Identified the ring "Hulisice" {rC++ rN++ MR+ Str-2} (You
                  | took it off an orc on level 6 of the Dungeon)
  6010 | D:7      | Reached ** piety under Makhleb
  6604 | D:7      | Learned a level 5 spell: Blade Hands
  6843 | D:8      | Reached skill level 1 in Poison Magic
  6851 | D:8      | Reached skill level 1 in Ice Magic
  6853 | D:8      | Reached skill level 1 in Hexes
  6872 | D:8      | Reached *** piety under Makhleb
  6925 | D:8      | Reached XP level 10. HP: 51/51 MP: 17/19
  6980 | D:8      | Found a shimmering altar of Xom.
  7073 | D:8      | Found a staircase to the Lair.
  7120 | D:8      | Found a runed gate.
  7121 | D:8      | Found a runed gate.
  7121 | D:8      | Found a runed gate.
  7122 | D:8      | Noticed Heatsaber's ghost (novice MiFi)
  7604 | D:9      | Noticed Prince Ribbit
  7625 | D:9      | Killed Prince Ribbit
  7813 | D:9      | Reached skill level 5 in Fighting
  7936 | D:9      | Noticed Maurice
  7992 | D:9      | Killed Maurice
  8736 | D:10     | Entered Level 10 of the Dungeon
  8956 | D:9      | Splashed by a jelly's acid

Skill      XL: |  1  2  3  4  5  6  7  8  9 10 |
---------------+-------------------------------+-----
Fighting       | 1 2 3 4 5 |  5.1
Dodging        | 2 3 4 |  4.8
Shields        | 1 2 3 4 |  4.8
Spellcasting   | 3 4 5 6 |  6.1
Transmutations | 3 4 5 |  5.9
Unarmed Combat | 4 5 6 |  6.3
Invocations    | 1 3 4 |  4.6
Poison Magic   | 1 2 |  2.4
Ice Magic      | 1 2 |  2.3
Hexes          | 1 |  1.0

Action                   |  1- 3 |  4- 6 |  7- 9 | 10-12 || total
-------------------------+-------+-------+-------+-------++-------
Melee: Unarmed           |    93 |   109 |   382 |   109 ||   693
       Kick              |     5 |       |       |       ||     5
       Bite              |    18 |    26 |    99 |    28 ||   171
       Headbutt          |    10 |    30 |    87 |     5 ||   132
 Cast: Beastly Appendage |    28 |    25 |    38 |     2 ||    93
       Sticks to Snakes  |       |     9 |     2 |       ||    11
       Spider Form       |       |       |       |     8 ||     8
Evoke: Wand              |       |       |       |     1 ||     1
  Use: Scroll            |       |     4 |    14 |     1 ||    19
       Potion            |       |       |     1 |     1 ||     2
 Stab: Sleeping          |     1 |       |     4 |     1 ||     6
       Held in net/web   |       |       |     1 |       ||     1
  Eat: Chunk             |     4 |     7 |    12 |     8 ||    31
Armor: Robe              |    18 |    10 |    76 |     4 ||   108
       Skin              |       |       |       |     3 ||     3
Dodge: Dodged            |    45 |    45 |   150 |    59 ||   299
Block: Shield            |    35 |    31 |   150 |    41 ||   257
